 Dungeon Crawl Stone Soup version 0.20-a0-1109-ge3cd172 (webtiles) character file.

56060 Duffy the Fighter (level 14, 72/72 HPs)
             Began as a Vine Stalker Monk on May 5, 2017.
             Was a High Priest of Ru.
             Quit the game on level 11 of the Dungeon.
             The game lasted 00:36:54 (19217 turns).

Duffy the Fighter (Vine Stalker Monk)              Turns: 19217, Time: 00:36:55

Health: 72/72      AC: 15    Str: 21    XL:     14   Next: 80%
Magic:  19/19      EV:  3    Int: 10    God:    Ru [*****.]
Gold:   2092       SH: 18    Dex: 17    Spells: 13/13 levels left

rFire    + + +     SeeInvis .   p - +2 whip (elec)
rCold    . . .     Gourm    .   F - +0 large shield
rNeg     . . .     Faith    .   C - +1 plate armour {rF+}
rPois    .         Spirit   +   y - +0 helmet
rElec    .         Reflect  .   (no cloak)
rCorr    .         Harm     .   T - +0 pair of gloves
MR       +....                  W - +1 pair of boots {Stlth+}
Stlth    ..........             E - amulet of regeneration
Regen    1.5/turn               f - ring of protection from fire
MPRegen  0.2/turn               G - +4 ring of strength

@: no status effects
A: fangs 3, camouflage 1, deterioration 1, fire resistance 1, frail 1,
regeneration 2, weak 1, magic shield, antimagic bite, no potion heal 3, rot
immunity, hated by all, inability to train dodging, inability to train armour
a: Draw Out Power, Power Leap, Apocalypse, Renounce Religion


You were on level 11 of the Dungeon.
You worshipped Ru.
Ru was extremely pleased with you.
You were not hungry.

You visited 3 branches of the dungeon, and saw 18 of its levels.
You also visited: Bailey, Ice Cave and Volcano.

You collected 2092 gold pieces.

Inventory:

Hand Weapons
 p - a +2 whip of electrocution (weapon)
 I - a +4 eveningstar of protection
Missiles
 J - 44 tomahawks of returning (quivered)
 K - 2 throwing nets
Armour
 d - a +2 cloak
 y - a +0 helmet (worn)
 C - a +1 plate armour of fire resistance (worn)
 F - a +0 large shield (worn)
 T - a +0 pair of gloves (worn)
 W - a +1 pair of boots of stealth (worn)
Jewellery
 f - a ring of protection from fire (left hand)
 h - an uncursed ring of see invisible
 i - an uncursed ring of poison resistance
 o - an uncursed ring of flight
 B - an uncursed amulet of rage
 E - an amulet of regeneration (around neck)
 G - a +4 ring of strength (right hand)
 X - an uncursed ring of ice
Wands
 q - a wand of confusion (18/48)
 t - a wand of digging (13/24)
 Q - a wand of confusion (32/48)
 R - a wand of lightning (3/15)
 U - a wand of iceblast (9/15)
 Y - a wand of iceblast (4/15)
Scrolls
 a - 4 scrolls of immolation
 b - 3 scrolls of enchant weapon
 j - 4 scrolls of teleportation
 k - 11 scrolls of remove curse
 l - 5 scrolls of enchant armour
 m - 3 scrolls of blinking
 r - a scroll of fear
 u - 2 scrolls of magic mapping
 z - 2 scrolls of fog
 N - 2 scrolls of identify
 P - a scroll of recharging
Potions
 e - 6 potions of might
 n - 2 potions of resistance
 v - 5 potions of curing
 w - 3 potions of cancellation
 D - a potion of berserk rage
 H - 4 potions of haste
 L - a potion of ambrosia
 M - a potion of agility
 Z - a potion of invisibility
Miscellaneous
 S - a fan of gales
Comestibles
 c - 8 bread rations
 g - 31 fruits
 x - 6 meat rations
 A - 12 royal jellies


   Skills:
 + Level 12.7 Fighting
 - Level 12.0 Maces & Flails
   Level 0.0 Armour
 - Level 2.4 Stealth
 + Level 11.7 Shields
 - Level 6.0 Evocations


You had 13 spell levels left.
You didn't know any spells.

Dungeon Overview and Level Annotations

Branches:
Dungeon (11/15)            Temple (1/1) D:5            Lair (6/6) D:9
 Shoals (0/4) Lair:4       Spider (0/4) Lair:2        Slime (0/5) Lair:6
    Orc (0/2) D:11

Altars:
Ashenzari
Cheibriados
Dithmenos
Elyvilon
Fedhas
Gozag
Hepliaklqana
Kikubaaqudgha
Makhleb
Nemelex Xobeh
Okawaru
Qazlal
Ru
Trog
Uskayaw
Vehumet
Wu Jian
Xom
Yredelemnul
Zin
The Shining One
Jiyva

Annotations:
D:7 Blork the orc
Lair:1 exclusion: oklob plant
Lair:4 Kirke


Innate Abilities, Weirdness & Mutations

You have razor-sharp teeth.
You heal very quickly.
When hurt, damage is shared between your health and your magic reserves.
Your bite disrupts and absorbs the magic of your enemies.
Potions cannot restore your health.
You are immune to rotting.
You are hated by all.
You cannot train Dodging skill.
You cannot train Armour skill.
Your skin changes colour to match your surroundings (Stealth+).
Your body sometimes deteriorates upon taking damage.
Your flesh is heat resistant. (rF+)
You are frail. (-10% HP)
You are weak. (Str -2)


Message History

There is an open door here.
You hit the ogre. You bite the ogre, but do no damage.
The ogre is lightly wounded.
Your shield and plate armour prevent you from hitting the ogre.
The ogre is lightly wounded.
The ogre barely misses you.
You hit the ogre but do no damage. Your bite misses the ogre.
The ogre is lightly wounded.
You hit the ogre. Lightning courses through the ogre!
The ogre is severely wounded.
The ogre hits you with a giant club!
You whack the ogre! Lightning courses through the ogre!
You kill the ogre!
You see here a giant club.
HP restored.
There is an open door here.
There is a stone staircase leading up here.
Done exploring.
Done exploring.
Are you sure you want to abandon this character and quit the game? (Confirm with "yes".)

###.....#.###~~~.~~##
#.........####'###.
#........## #..# #.
###..#..#..####..###.
###....................
#.........#.#.###.##...
#####..#..#.#.###.##.#.
#................#.
#.@...#.#.#########
#.....#.#.#########
#..####............
#..# ############# #..#
##.# #.# ###


There were no monsters in sight!

Vanquished Creatures
  A frost giant (IceCv)
  Josephine (Lair:5)
  A fire dragon (Lair:6)
  7 hydras
  2 two-headed ogres
  A death yak (IceCv)
  2 skeletal warriors (Volcano)
  An unseen horror (D:10)
  An orc knight (Bailey)
  2 lindwurms
  An anaconda skeleton (Volcano)
  6 elephants
  A merfolk siren (Lair:4)
  6 black mambas
  2 molten gargoyles (Lair:6)
  3 gargoyles (Volcano)
  7 spiny frogs
  7 komodo dragons
  24 polar bears
  A harpy skeleton (Volcano)
  5 jumping spiders (Lair:2)
  A hornet (D:9)
  4 dream sheep
  14 blink frogs
  5 hippogriffs
  3 flying skulls (Volcano)
  40 yaks
  An alligator skeleton (Volcano)
  4 wraiths (Lair:5)
  3 hogs (Lair:4)
  5 redbacks
  4 wyverns
  2 steam dragons (Lair:6)
  6 basilisks
  2 hungry ghosts
  A soldier ant (D:10)
  4 hell hounds (Lair:6)
  8 water moccasins
  6 porcupines
  3 sky beasts
  13 ice beasts
  5 black bears
  14 orc warriors
  An eye of draining (D:10)
  2 necrophages
  A phantom (D:9)
  11 ogres
  17 wolves
  6 centaurs
  11 crocodiles
  6 big kobolds
  16 bullfrogs
  A water moccasin zombie (D:5)
  4 scorpions
  12 killer bees
  2 wights (D:7)
  A spriggan skeleton (Volcano)
  A troll skeleton (Volcano)
  2 electric eels (Lair:6)
  A howler monkey (D:7)
  4 crimson imps
  A bullfrog zombie (D:8)
  5 lava snakes (Lair:6)
  A quasit (D:10)
  2 centaur zombies
  3 hounds
  A centaur skeleton (D:10)
  3 gnoll shamans
  7 orc priests
  Crazy Yiuf (D:3)
  3 jellies
  Natasha (thrice) (D:3)
  2 iguanas
  9 orc wizards
  12 worker ants
  2 hound skeletons
  2 worker ant zombies
  Robin (D:3)
  14 gnolls
  10 adders
  An ooze (D:4)
  2 adder zombies
  3 worms (D:3)
  3 dart slugs
  8 leopard geckos
  55 orcs
  6 giant cockroaches
  17 goblins
  22 hobgoblins
  11 jackals
  20 kobolds
  3 quokkas
  3 ball pythons
  6 bats
  6 frilled lizards
  5 rats
  3 fungi (D:8)
  A plant (D:8)
586 creatures vanquished.

Vanquished Creatures (others)
  A porcupine (Lair:5)
  A big kobold (D:9)
  3 fungi
  10 plants (D:9)
15 creatures vanquished.

Grand Total: 601 creatures vanquished

Notes
Turn   | Place    | Note
-------+----------+-------------------------------------------
     0 | D:1      | Duffy the Vine Stalker Monk began the quest for the Orb.
     0 | D:1      | Reached XP level 1. HP: 11/11 MP: 2/2
   213 | D:1      | Reached XP level 2. HP: 12/16 MP: 3/3
   849 | D:1      | Reached XP level 3. HP: 20/20 MP: 4/4
  1904 | D:2      | Gained mutation: Your natural rate of healing is unusually fast. [Vine Stalker growth]
  1904 | D:2      | Reached XP level 4. HP: 14/24 MP: 5/5
  2523 | D:3      | Found a runed door.
  2679 | D:3      | Noticed Robin
  2718 | D:3      | Killed Robin
  2718 | D:3      | Reached XP level 5. HP: 28/28 MP: 6/6
  2804 | D:3      | Found a faded altar of an unknown god.
  2857 | D:3      | Noticed Natasha
  2874 | D:3      | Killed Natasha
  3063 | D:3      | Noticed Natasha
  3067 | D:3      | Killed Natasha
  3093 | D:3      | Noticed Natasha
  3100 | D:3      | Killed Natasha
  3100 | D:3      | Reached skill level 5 in Maces & Flails
  3100 | D:3      | Reached XP level 6. HP: 31/33 MP: 7/7
  3175 | D:3      | Found a bloodstained altar of Trog.
  3947 | D:4      | Reached skill level 1 in Evocations
  4142 | D:4      | Reached XP level 7. HP: 38/38 MP: 9/9
  4522 | D:5      | Entered Level 5 of the Dungeon
  4609 | D:5      | Found a staircase to the Ecumenical Temple.
  4613 | Temple   | Entered the Ecumenical Temple
  4840 | D:3      | Noticed Crazy Yiuf
  4849 | D:3      | Killed Crazy Yiuf
  5216 | D:5      | Reached skill level 5 in Fighting
  5216 | D:5      | Gained mutation: You have razor-sharp teeth. [Vine Stalker growth]
  5216 | D:5      | Reached XP level 8. HP: 43/43 MP: 11/11
  5579 | D:6      | Found a white marble altar of Elyvilon.
  6280 | D:6      | Found a basalt altar of Yredelemnul.
  6554 | D:7      | Found a snail-covered altar of Cheibriados.
  6557 | D:7      | Found a glowing silver altar of Zin.
  6560 | D:7      | Found a sacrificial altar of Ru.
  6564 | D:7      | Became a worshipper of Ru the Awakened
  6580 | D:7      | Gained mutation: You are hated by all. [Ru sacrifice]
  6580 | D:7      | Reached * piety under Ru
  6690 | D:7      | Reached XP level 9. HP: 41/48 MP: 13/13
  7005 | D:7      | Noticed Blork the orc
  7324 | D:7      | Reached skill level 5 in Evocations
  7700 | D:8      | Reached skill level 1 in Shields
  8130 | D:8      | Found a burning altar of Makhleb.
  8247 | D:9      | Found a flagged portal.
  8255 | Bailey   | Entered a bailey
  8276 | Bailey   | Noticed an orc knight
  8290 | Bailey   | Killed an orc knight
  8290 | Bailey   | Reached XP level 10. HP: 55/55 MP: 9/15
  8909 | D:9      | Found a staircase to the Lair.
  9039 | D:9      | Reached skill level 5 in Shields
  9062 | D:9      | Gained mutation: You cannot train Dodging skill. [Ru sacrifice]
  9062 | D:9      | Reached ** piety under Ru
  9062 | D:9      | Reached *** piety under Ru
  9110 | D:9      | Found a bloodstained altar of Trog.
  9151 | D:9      | Gained mutation: You have a somewhat thin skeletal structure. (Dex +2, Stealth) [mutagenic meat]
  9152 | D:9      | Gained mutation: Your movements are slightly less encumbered by armour. (ER -2) [mutagenic meat]
  9535 | D:9      | Reached skill level 10 in Maces & Flails
  9535 | D:9      | Reached XP level 11. HP: 60/60 MP: 16/16
  9630 | D:9      | Noticed a three-headed hydra
  9640 | D:9      | Killed a one-headed hydra
 10189 | D:10     | Entered Level 10 of the Dungeon
 10399 | D:10     | Noticed a two-headed ogre
 10435 | D:9      | Killed a two-headed ogre
 10562 | D:10     | Noticed a two-headed ogre
 10579 | D:10     | Noticed an unseen horror
 10588 | D:10     | Killed an unseen horror
 10612 | D:10     | Killed a two-headed ogre
 10767 | D:10     | Gained mutation: You heal very quickly. [Vine Stalker growth]
 10767 | D:10     | Reached XP level 12. HP: 66/66 MP: 17/17
 10893 | D:10     | Identified Sunyhut's Guide on Dusty Poison
 11496 | D:8      | Reached skill level 1 in Armour
 11528 | Lair:1   | Entered Level 1 of the Lair of Beasts
 11714 | Lair:1   | Noticed a five-headed hydra
 11749 | Lair:1   | Killed a five-headed hydra
 11886 | Lair:1   | Identified a scroll of acquirement
 11887 | Lair:1   | Got an ancient flail
 11888 | Lair:1   | Identified the +5 flail "Gyhunkoe" {elec, Int+2} (You acquired it on level 1 of the Lair of Beasts)
 12167 | Lair:1   | Lost mutation: Your movements are slightly less encumbered by armour. (ER -2) [potion of mutation]
 12167 | Lair:1   | Lost mutation: You have a somewhat thin skeletal structure. (Dex +2, Stealth) [potion of mutation]
 12167 | Lair:1   | Gained mutation: Your magical capacity is low. (-10% MP) [potion of mutation]
 12167 | Lair:1   | Gained mutation: Your skin changes colour to match your surroundings (Stealth+). [potion of mutation]
 12167 | Lair:1   | Gained mutation: Your system is resistant to poisons. (rPois) [potion of mutation]
 12434 | Lair:1   | Noticed a four-headed hydra
 12444 | Lair:1   | Killed a four-headed hydra
 12444 | Lair:1   | Reached skill level 10 in Fighting
 12908 | Lair:2   | Found a hole to the Spider Nest.
 13197 | Lair:2   | Noticed a four-headed hydra
 13204 | Lair:2   | Killed a four-headed hydra
 13536 | Lair:3   | Noticed an eight-headed hydra
 13557 | Lair:3   | Killed an eight-headed hydra
 13562 | Lair:3   | Reached XP level 13. HP: 48/72 MP: 16/16
 13823 | Lair:3   | Reached skill level 5 in Armour
 14218 | Lair:4   | Found a staircase to the Shoals.
 14608 | Lair:4   | Noticed Kirke
 14643 | Lair:5   | Noticed Josephine
 14644 | Lair:5   | Found a dark tunnel.
 14651 | Volcano  | Entered a volcano
 14857 | Volcano  | Reached skill level 10 in Shields
 15064 | Lair:5   | Killed Josephine
 16026 | Lair:6   | Entered Level 6 of the Lair of Beasts
 16096 | Lair:6   | Reached XP level 14. HP: 79/79 MP: 17/17
 16170 | Lair:6   | Found a frozen archway.
 16216 | IceCv    | Entered an ice cave
 16641 | IceCv    | Noticed a frost giant
 16678 | IceCv    | Killed a frost giant
 17246 | Lair:6   | Found a viscous altar of Jiyva.
 17256 | Lair:6   | Found a staircase to the Slime Pits.
 17965 | Lair:6   | Found a large runed door.
 17966 | Lair:6   | Found a large runed door.
 18424 | D:11     | Lost mutation: Your system is resistant to poisons. (rPois) [potion of mutation]
 18424 | D:11     | Lost mutation: Your magical capacity is low. (-10% MP) [potion of mutation]
 18424 | D:11     | Gained mutation: You are frail. (-10% HP) [potion of mutation]
 18424 | D:11     | Gained mutation: Your body sometimes deteriorates upon taking damage. [potion of mutation]
 18424 | D:11     | Gained mutation: You are weak. (Str -2) [potion of mutation]
 18424 | D:11     | Gained mutation: Your flesh is heat resistant. (rF+) [potion of mutation]
 18758 | D:11     | Found a staircase to the Orcish Mines.
 18812 | D:11     | Gained mutation: You cannot train Armour skill. [Ru sacrifice]
 18812 | D:11     | Reached **** piety under Ru
 18812 | D:11     | Reached ***** piety under Ru
 19217 | D:11     | Quit the game

Vault maps used:
D:1:      onia_arrival_mini_spirals, hex_tiny, st_stairs_14
D:3:      first_bread, chequers_ecumenical_altar_twisty, trog_hazing_becter,
          uniq_robin, uniq_natasha, uniq_crazy_yiuf_cottage
D:5:      minmay_temple_entry_glassed_door
D:6:      kennysheep_ying_yang
D:7:      tgw_sif, grunt_temple_overflow_diamond
D:8:      kennysheep_seaside_town, makhleb_blood_cavern_becter, serial_undead,
          serial_undead_c, serial_undead_f, serial_undead_a, serial_undead_f
D:9:      minmay_lair_entry_grove, enter_bailey_2, hangedman_ranch,
          trog_ov_bears_minmay
D:10:     kb_rosetta
D:11:     orc_0_dummy, kennysheep_pointless_box, kennysheep_potato
Temple:   regret_index_temple_waves
Lair:1:   serial_bayou_shore_a, lemuel_fruit_fields, minmay_lair_oklob_chamber,
          grunt_megastairs_2, serial_bayou_shore_b, serial_bayou_shore_b
Lair:2:   nicolae_spider_entry_tight_spaces, infiniplex_staircase_pool_2
Lair:4:   minmay_shoals_entry_lonely_mermaid, uniq_kirke
Lair:5:   nicolae_volcano_entry_two_sided, cheibrodos_lair_lostbears,
          uniq_josephine
Lair:6:   cheibrodos_lair_end_hotspot, slime_altar_1,
          portal_ice_cave_entry_ice_beasts, nicolae_quartered_pool_medium
Bailey:   bailey_axe_1, bailey
IceCv:    ice_cave_caverns_03
Volcano:  volcano_tomb

Skill      XL: |  1  2  3  4  5  6  7  8  9 10 11 12 13 14 |
---------------+-------------------------------------------+-----
Maces & Flails | 3 4 5 6 7 8 10 11 12 | 12.0
Fighting       | 3 4 5 7 8 9 10 11 12 | 12.7
Evocations     | 1 3 4 6 |  6.0
Shields        | 3 5 7 9 10 11 | 11.7
Dodging        | 0 |  0.0
Armour         | 4 6 0 |  0.0
Stealth        | |  2.4

Action                   |  1- 3 |  4- 6 |  7- 9 | 10-12 | 13-15 || total
-------------------------+-------+-------+-------+-------+-------++-------
Melee: Mace              |   130 |    36 |       |       |       ||   166
       Bite              |    26 |    54 |   101 |   324 |   437 ||   942
       Morningstar       |       |   131 |       |       |       ||   131
       Whip              |       |    43 |   340 |   722 |   962 ||  2067
       Hand axe          |       |       |       |     3 |       ||     3
Invok: Sacrifice Love    |       |       |     1 |       |       ||     1
       Sacrifice Nimblen |       |       |       |     1 |       ||     1
       Reject Sacrifices |       |       |       |     1 |       ||     1
       Sacrifice Durabil |       |       |       |       |     1 ||     1
 Abil: Evoke Berserk Rag |       |     3 |    14 |     8 |     3 ||    28
Evoke: Wand              |       |       |     2 |     3 |     3 ||     8
  Use: Scroll            |       |     6 |     7 |    11 |    13 ||    37
       Potion            |       |       |     2 |     1 |     2 ||     5
 Stab: Distracted        |       |       |     1 |     3 |     2 ||     6
       Confused          |       |       |       |     2 |       ||     2
       Sleeping          |       |       |       |     2 |       ||     2
       Invisible         |       |       |       |       |     6 ||     6
  Eat: Chunk             |     3 |    10 |    27 |    23 |    14 ||    77
       Bread ration      |       |       |       |     1 |     2 ||     3
Armor: Chain mail        |   104 |   112 |       |    24 |    47 ||   287
       Scale mail        |       |    17 |   154 |   149 |       ||   320
       Skin              |       |       |    13 |     6 |       ||    19
       Plate armour      |       |       |       |       |   196 ||   196
Dodge: Dodged            |    65 |    79 |   131 |    92 |    55 ||   422
Block: Large shield      |       |       |    59 |   463 |   541 ||  1063
